 Dungeon Crawl Stone Soup version 0.18.1-8-gdd0e5ea (webtiles) character file.

50 Quirk the Ducker (level 3, -6/28 HPs)
             Began as a Demonspawn Gladiator on May 25, 2016.
             Mangled by a gnoll (7 damage)
             ... on level 2 of the Dungeon.
             The game lasted 00:01:53 (960 turns).

Quirk the Ducker (Demonspawn Gladiator)              Turns: 960, Time: 00:01:53

Health: -6/28      AC:  4    Str: 13 (15) XL:     3   Next: 55%
Magic:  3/3        EV: 14    Int:  7 (9)  God:
Gold:   54         SH:  0    Dex: 11 (14) Spells: 0 memorised, 2 levels left

rFire  . . .     SeeInvis .     a - +0 war axe
rCold  . . .     Gourm    .     b - +0 leather armour
rNeg   . . .     Faith    .     (no shield)
rPois  .         Spirit   .     c - +0 helmet
rElec  .         Dismiss  .     (no cloak)
rCorr  .         Reflect  .     (no gloves)
SustAt .         Harm     .     (no boots)
MR     .....                    k - amulet of rage
Stlth  +.........               (no ring)
                                (no ring)

@: not resistant to hostile enchantments, very unstealthy
A: repulsion field 1, spiny 1
a: Evoke Berserk Rage


You were on level 2 of the Dungeon.
You were not hungry.

You visited 1 branch of the dungeon, and saw 2 of its levels.

You collected 54 gold pieces.

Inventory:

Hand Weapons
 a - a +0 war axe (weapon)
Missiles
 d - 3 throwing nets (quivered)
Armour
 b - a +0 leather armour (worn)
 c - a +0 helmet (worn)
Jewellery
 k - an amulet of rage (around neck)
Scrolls
 g - 3 scrolls of immolation {unknown}
 i - 2 scrolls of identify {unknown}
Potions
 h - a potion of invisibility {unknown}
 j - a potion of flight {unknown}
 l - a potion of lignification {unknown}
 m - a potion of heal wounds {unknown}
Comestibles
 f - 3 bread rations


   Skills:
 * Level 2.8 Fighting
 + Level 2.9 Axes
 - Level 1.7 Throwing
 + Level 1.0 Armour
 + Level 3.0 Dodging
 + Level 1.2 Stealth


You had 2 spell levels left.
You didn't know any spells.

Dungeon Overview and Level Annotations

Branches:
Dungeon (2/15)

Altars:
The Shining One


Innate Abilities, Weirdness & Mutations

You are surrounded by a mild repulsion field (EV +2).
You are partially covered in sharp spines.


Message History

The gnoll hits you from afar with a spear.
You closely miss the gnoll. The gnoll is struck by your spines.
The gnoll closely misses you. The gnoll completely misses you.
You hit the gnoll but do no damage.
The gnoll is heavily wounded.
The gnoll hits you!
The gnoll hits you from afar with a spear.
You hit the gnoll.
The gnoll is heavily wounded.
The gnoll hits you.
* * * LOW HITPOINT WARNING * * *
The gnoll hits you from afar with a spear!
* * * LOW HITPOINT WARNING * * *
The gnoll misses you. The gnoll barely misses you.
Drink which item? (? for menu, Esc to quit)
It was a potion of degeneration.
There was something very wrong with that liquid.
You feel weakened.
You feel dopey.
You feel clumsy. The gnoll hits you!
You die...

# .# #.#### .#
#####g#.. .. #.
....$.g)###.# # #.
#.)@..#.# # #.
#####.#.# # ##.##
########.#.#
#...####..........#
####.........#####.###
.........8...# #.#
........8.8..# #.#
.......8._.8.# #.#
........8.8..# #.#


You could see 2 gnolls.

Vanquished Creatures
  2 gnolls (D:2)
  A worm (D:2)
  A dart slug (D:1)
  A giant gecko (D:2)
  2 giant cockroaches (D:1)
  2 goblins (D:1)
  5 hobgoblins (D:1)
  A quokka (D:2)
  A bat (D:1)
  A giant newt (D:1)
  5 kobolds (D:1)
  A rat (D:1)
23 creatures vanquished.

Notes
Turn   | Place    | Note
--------------------------------------------------------------
     0 | D:1      | Quirk the Demonspawn Gladiator began the quest for the Orb.
     0 | D:1      | Reached XP level 1. HP: 16/16 MP: 1/1
   160 | D:1      | Gained mutation: You are surrounded by a mild repulsion field (EV +2). [demonic ancestry]
   160 | D:1      | Reached XP level 2. HP: 14/22 MP: 2/2
   351 | D:1      | Reached skill level 1 in Armour
   583 | D:1      | Reached skill level 1 in Stealth
   756 | D:1      | Found a glowing golden altar of the Shining One.
   918 | D:2      | Gained mutation: You are partially covered in sharp spines. [demonic ancestry]
   918 | D:2      | Reached XP level 3. HP: 28/28 MP: 3/3
   924 | D:2      | Found a faded altar to an unknown god.
   956 | D:2      | Reached skill level 3 in Dodging
   959 | D:2      | HP: 1/28 [gnoll/spear (7)]
   960 | D:2      | Mangled by a gnoll

Skill      XL: |  1  2  3 |
---------------+----------+-----
Armour         | 1 |  1.0
Stealth        | 1 |  1.2
Dodging        | 3 |  3.0
Fighting       | |  2.8
Axes           | |  2.9
Throwing       | |  1.7

Action                   || total
-------------------------++-------
Melee: War axe           ||    77
  Use: Potion            ||     1
Armor: Leather armour    ||    18
Dodge: Dodged            ||    69
